 Dungeon Crawl Stone Soup version 0.32-a0-450-g080537f31e (webtiles) character file.

Game seed: 14602963798668749995

1386 ezpacito the Trooper (level 8, -5/91 HPs)
             Began as a Demonspawn Chaos Knight on Feb 23, 2024.
             Was a Plaything of Xom.
             Slain by Maggie
             ... wielding a +2 glaive of venom
              (10 damage)
             ... on level 6 of the Dungeon.
             The game lasted 00:07:51 (4594 turns).

ezpacito the Trooper (Demonspawn Chaos Knight)      Turns: 4594, Time: 00:07:52

Health: -5/91      AC: 24    Str: 18    XL:     8   Next: 40%
Magic:  9/12       EV:  2    Int: 12    God:    Xom [*.....]
Gold:   909        SH:  4    Dex: 10    Spells: 2/12 levels left

rFire   + . .        a - +0 hand axe (chaos)
rCold   . . .        (no shield)
rNeg    . . .        b - melded +2 leather armour
rPois   +            (helmet currently unavailable)
rElec   .            q - melded +2 cloak
rCorr   .            (gloves currently unavailable)
SInv    .            (boots currently unavailable)
Will    +....        (no amulet)
Stlth   ++           w - ring of protection from fire
HPRegen 0.00/turn    (no ring)
MPRegen 0.13/turn

%: no passive effects
@: lethally poisoned (-5 -> -11), tree-form, enlightened, mesmerised, inhibited
regen, hasted, very quick
A: stationary, stasis, torment immunity, boosted hp, foul stench 2, condensation
shield, (hooves 1), clumsy 1, inhibited regeneration, strong 1, wild magic 1,
MP-powered wands
a: Renounce Religion


You were on level 6 of the Dungeon.
You worshipped Xom.
You were a special plaything of Xom.
You were a tree.
You visited 2 branches of the dungeon, and saw 7 of its levels.

You collected 909 gold pieces.

Inventory:

Hand Weapons
 a - a +0 hand axe of chaos (weapon)
 y - a +0 executioner's axe
Missiles
 x - 3 boomerangs (quivered)
 F - 4 poisoned darts
Armour
 b - a +2 leather armour (melded)
 q - a +2 cloak (melded)
 s - an orb of wrath
 u - a +0 chain mail
 z - an orb of guile
Magical Staves
 o - a staff of alchemy
 v - a staff of conjuration
Jewellery
 w - a ring of protection from fire (left branch)
Talismans
 i - a flux talisman
 j - a storm talisman
 t - a serpent talisman
 G - a blade talisman
Wands
 d - a wand of polymorph (8)
 h - a wand of iceblast (1)
Scrolls
 c - a scroll of butterflies
 e - a scroll of noise {unknown}
 f - 2 scrolls of enchant weapon {unknown}
 k - a scroll of amnesia {unknown}
 l - 3 scrolls of fog {unknown}
 n - 5 scrolls of teleportation {unknown}
 p - 2 scrolls of blinking {unknown}
 A - 3 scrolls of poison
 B - a scroll of vulnerability {unknown}
 E - a scroll of identify
Potions
 g - a potion of haste


   Skills:
 * Level 4.6 Fighting
 * Level 4.3(4.5) Axes
 + Level 1.8(3.3) Polearms
 + Level 0.3 Throwing
 * Level 3.7 Armour
 * Level 3.3 Dodging
 + Level 2.2 Stealth
 * Level 3.2 Unarmed Combat
 * Level 2.8 Spellcasting
 * Level 1.6 Conjurations
 * Level 0.6 Hexes
 * Level 0.9 Summonings
 + Level 0.2 Translocations
 * Level 1.0 Alchemy
 + Level 1.5 Evocations


You had 2 spell levels left.
You knew the following spells:

 Your Spells              Type           Power      Damage    Failure   Level
a - Call Canine Familiar  Summ           5%         N/A       54%         3
b - Sigil of Binding      Hex            4%         N/A       61%         3
c - Dimensional Bullseye  Hex/Tloc       1%         N/A       95%         4

Your spell library contained the following spells:

 Spells                   Type           Power      Damage    Failure   Level


Dungeon Overview and Level Annotations

Branches:
Dungeon (6/15)             Temple (1/1) D:5

Altars:
Ashenzari
Cheibriados
Dithmenos
Fedhas
Gozag
Hepliaklqana
Kikubaaqudgha
Makhleb
Nemelex Xobeh
Okawaru
Qazlal
Ru
Sif Muna
Trog
Uskayaw
Wu Jian
Xom
Yredelemnul

Annotations:
D:6 Maggie


Innate Abilities, Weirdness & Mutations

You are a tree.
Your roots penetrate the ground, keeping you stationary.
You cannot be teleported.
You are immune to unholy pain and torment.
Your maximum health is greatly increased.
Your equipment is partially melded.
You sometimes emit foul miasma when damaged in melee.
A meltable shield of frost defends you. (SH +4)
((You have large cloven feet.))
You are clumsy. (Dex -2)
You do not regenerate when monsters are visible.
Your muscles are strong. (Str +4, Int/Dex -1)
Your spells are a little harder to cast, but a little more powerful.
You expend magic power (3 MP) to strengthen your wands.


Message History

You miss something.
You feel sick.
You hit Maggie.
Maggie seems to speed up.
You kick Maggie, but do no damage.
Maggie is lightly wounded.
You hit something.
You feel sick.
Reactivating autopickup.
You feel a bit more experienced.
Maggie gives herself a magical halo, but it quickly sputters out.
Maggie barely misses you. Maggie misses you.
Aiming: Iceblast
Press: ? - help, Shift-Dir - straight line You feel a surge of power!
The mass of ice explodes!
The iceblast engulfs the phantom!
The phantom partially resists.
The phantom is heavily damaged.
The iceblast engulfs Maggie.
Maggie is moderately wounded.
You feel sick.
Maggie hits you with a +2 glaive of venom.
* * * LOW HITPOINT WARNING * * *
Aiming: Iceblast
Press: ? - help, Shift-Dir - straight line
Okay, then.
It was a potion of enlightenment.
You feel very buoyant.
You fly up into the air.
* * * LOW HITPOINT WARNING * * *
You feel sick.
You turn into a tree.
Your +2 cloak melds into your body.
Your +2 leather armour melds into your body.
Your roots penetrate the ground.
You feel sick.
Maggie hits you with a +2 glaive of venom.
* * * LOW HITPOINT WARNING * * *
The phantom hits you.
* * * LOW HITPOINT WARNING * * *
You barely miss Maggie.
Maggie is moderately wounded.
You hit the phantom.
The phantom becomes as fragile as glass!
Maggie hits you with a +2 glaive of venom!
You die...
Xom is highly amused!

~) .. #.... .# .....
#...###.####
..#.##........... .
.................
#.####.##......... ..
#............##.##.##
.........~.~.).......
#.## #..†...)W@......
#..# #.~_~~.)♣..##?#
#..# #.#.............
#..# #.##........#.##
#..#####.###..##.....#
##..#...#.###...........
.#..#...#...............
.#..'...+...............
.#.†#...#####.###...####
.#..#....... ..


You could see Maggie (mesmerising, fast) and a phantom (vitrified).

Vanquished Creatures
  Sigmund (D:2)
  Menkaure (D:5)
  A water moccasin (D:5)
  2 scorpions (D:5)
  A bullfrog (D:6)
  A water moccasin zombie (D:4)
  A killer bee (D:4)
  A bombardier beetle (D:5)
  2 gnoll boudas
  2 jellies (D:5)
  3 orc priests
  4 hounds
  An iguana (D:5)
  Jessica (D:2)
  2 orc wizards
  A hound zombie (D:4)
  7 gnolls
  9 adders
  2 white imps
  2 dart slugs
  14 orcs
  8 ball pythons
  7 endoplasms
  5 giant cockroaches
  7 hobgoblins
  5 jackals (D:1)
  6 kobolds
  A quokka (D:3)
  4 bats
  3 frilled lizards
  3 goblins
  12 rats
  A spectral hobgoblin (D:2)
121 creatures vanquished.

Vanquished Creatures (others)
  An adder (D:3)
1 creature vanquished.

Grand Total: 122 creatures vanquished

Notes
Turn   | Place    | Note
-------+----------+-------------------------------------------
     0 | D:1      | ezpacito the Demonspawn Chaos Knight began the quest for
                  | the Orb.
     0 | D:1      | Reached XP level 1. HP: 18/18 MP: 1/1
    22 | D:1      | Reached skill level 1 in Dodging
   184 | D:1      | XOM: divination: magic mapping
   186 | D:1      | Gained mutation: A meltable shield of frost defends you.
                  | (SH +4) [demonic ancestry]
   186 | D:1      | Reached XP level 2. HP: 24/24 MP: 2/2
   399 | D:1      | XOM: cast spell 'Summon Small Mammal'
   401 | D:1      | XOM: polymorph bat -> orc
   413 | D:1      | XOM: cloud trail
   633 | D:2      | Noticed Jessica
   640 | D:2      | Killed Jessica
   641 | D:2      | Reached skill level 1 in Unarmed Combat
   641 | D:2      | Reached XP level 3. HP: 27/29 MP: 3/3
   714 | D:2      | XOM: silly message
   752 | D:2      | Reached XP level 4. HP: 31/35 MP: 5/5
   797 | D:2      | Found a blossoming altar of Fedhas.
   851 | D:2      | Found a faded altar of an unknown god.
   883 | D:2      | Noticed Sigmund
   908 | D:2      | Killed Sigmund
   909 | D:2      | Reached skill level 1 in Stealth
   909 | D:2      | Reached skill level 1 in Spellcasting
   909 | D:2      | Gained mutation: You may rarely emit foul miasma when
                  | damaged in melee. [demonic ancestry]
   909 | D:2      | Reached XP level 5. HP: 17/42 MP: 5/7
  1086 | D:2      | XOM: cloud trail
  1244 | D:2      | XOM: give mutations
  1244 | D:2      | Gained mutation: You are somewhat resistant to further
                  | mutation. [Xom's grace]
  1244 | D:2      | Gained mutation: Your muscles are strong. (Str +4, Int/Dex
                  | -1) [Xom's grace]
  1244 | D:2      | Gained mutation: Your spells are a little harder to cast,
                  | but a little more powerful. [Xom's grace]
  1244 | D:2      | Gained mutation: You are somewhat resistant to both further
                  | mutation and mutation removal. [Xom's grace]
  1312 | D:2      | XOM: give mutation
  1312 | D:2      | Lost mutation: You are somewhat resistant to both further
                  | mutation and mutation removal. [Xom's grace]
  1312 | D:2      | Lost mutation: You are somewhat resistant to further
                  | mutation. [Xom's grace]
  1312 | D:2      | Gained mutation: You have hidden genetic potential. [Xom's
                  | grace]
  1482 | D:3      | Found an ornate altar of the Wu Jian Council.
  1492 | D:3      | XOM: god gift: 627 gold pieces
  1510 | D:3      | XOM: god gift: staff of conjuration
  1634 | D:3      | Gained mutation: You sometimes emit foul miasma when
                  | damaged in melee. [demonic ancestry]
  1634 | D:3      | Reached XP level 6. HP: 48/48 MP: 8/8
  1815 | D:3      | Found a shadowy altar of Dithmenos.
  1972 | D:3      | XOM: god gift: scroll labelled XYPHOFI FURU {god gift}
  2310 | D:4      | XOM: 1-stop teleportation journey
  2457 | D:4      | Reached skill level 1 in Polearms
  2523 | D:4      | Gained mutation: You expend magic power (3 MP) to
                  | strengthen your wands. [hidden potential]
  2583 | D:4      | XOM: blink monster(s)
  2771 | D:4      | XOM: noise
  2773 | D:4      | XOM: polymorph scorpion -> hobgoblin
  2851 | D:4      | XOM: give mutations
  2851 | D:4      | Gained mutation: You are clumsy. (Dex -2) [Xom's mischief]
  2851 | D:4      | Gained mutation: Your flesh is cold resistant. (rC+) [Xom's
                  | mischief]
  2851 | D:4      | Gained mutation: You do not regenerate when monsters are
                  | visible. [Xom's mischief]
  2851 | D:4      | Lost mutation: Your flesh is cold resistant. (rC+) [Xom's
                  | mischief]
  2874 | D:4      | Reached XP level 7. HP: 48/54 MP: 10/10
  2938 | D:4      | Found a basalt altar of Yredelemnul.
  3040 | D:5      | Entered Level 5 of the Dungeon
  3114 | D:4      | Learned a level 3 spell: Call Canine Familiar
  3118 | D:4      | Learned a level 3 spell: Sigil of Binding
  3120 | D:4      | XOM: summons 3 hostile shadow creatures
  3123 | D:4      | Learned a level 4 spell: Dimensional Bullseye
  3230 | D:5      | Reached skill level 1 in Evocations
  3242 | D:5      | Gained mutation: You have large cloven feet. [hidden
                  | potential]
  3242 | D:5      | Lost mutation: You have hidden genetic potential. [hidden
                  | potential expressed]
  3395 | D:5      | XOM: blink monster(s)
  3399 | D:5      | Noticed Menkaure
  3404 | D:5      | XOM: smoke on damage
  3414 | D:5      | Killed Menkaure
  3416 | D:5      | Reached skill level 1 in Conjurations
  3416 | D:5      | Reached XP level 8. HP: 35/61 MP: 11/11
  3799 | D:5      | XOM: summons 1 hostile shadow creature
  3801 | D:5      | XOM: noise
  3883 | D:5      | Found a staircase to the Ecumenical Temple.
  3895 | Temple   | Entered the Ecumenical Temple
  4558 | D:6      | XOM: scenery: 1 doors close
  4563 | D:6      | Reached skill level 1 in Alchemy
  4578 | D:6      | Noticed Maggie
  4584 | D:6      | XOM: scenery: create altars
  4594 | D:6      | Slain by Maggie

Illustrated notes

Levels and vault maps discovered:
D:1:      scummos_arrival_star, layout_basic
D:2:      layout_basic, dreamdust_ecumenical_altar_drowned_temple, basic_altar,
          minmay_rat_gold_closets, uniq_jessica, uniq_sigmund
D:3:      layout_loops_ring, mainiacjoe_overflow_24_doors,
          mainiacjoe_overflow_tiny_flanked
D:4:      layout_rooms, lemuel_zombie_altar_yredelemnul,
          hangedman_feature_mirror, chequers_garden
D:5:      layout_cave_pods, minmay_temple_entry_large_hall, uniq_menkaure
D:6:      layout_basic, serial_rivers, chequers_serial_rivers_micro_c,
          chequers_serial_rivers_micro_e, chequers_serial_rivers_micro_c,
          chequers_serial_rivers_large_b, uniq_maggie
Temple:   sentei_temple_godly_chess

Skill      XL: |  1  2  3  4  5  6  7  8 |
---------------+-------------------------+-----
Dodging        | 1 2 3 |  3.3
Armour         | 2 3 |  3.7
Axes           | 3 4 |  4.3
Unarmed Combat | 1 2 3 |  3.2
Stealth        | 1 2 |  2.2
Spellcasting   | 1 2 |  2.8
Polearms       | 1 |  1.8
Fighting       | 4 |  4.6
Evocations     | 1 |  1.5
Conjurations   | 1 |  1.6
Alchemy        | 1 |  1.0
Throwing       | |  0.3
Hexes          | |  0.6
Summonings     | |  0.9
Translocations | |  0.2

Action                     |  1- 3 |  4- 6 |  7- 9 || total
---------------------------+-------+-------+-------++-------
  Melee: Hand axe          |    99 |   153 |   131 ||   383
         Unarmed           |       |    12 |       ||    12
         Kick              |       |       |    21 ||    21
  Evoke: Wand              |       |       |     3 ||     3
    Use: Potion            |       |     1 |    12 ||    13
         Scroll            |       |     5 |       ||     5
   Stab: Confused          |     2 |       |       ||     2
         Invisible         |       |     2 |     1 ||     3
         Sleeping          |       |     6 |     2 ||     8
         Paralysed         |       |     1 |       ||     1
 Armour: Leather armour    |    47 |    96 |    99 ||   242
         Skin              |       |     3 |    13 ||    16
  Dodge: Dodged            |    51 |    83 |    79 ||   213
  Block: Other             |    13 |    22 |    22 ||    57

Table legend: (Time is in decaauts)
 A = Elapsed time spent in this place.
 B = Non-inter-level travel time spent in this place.
 C = Inter-level travel time spent in this place.
 D = Time resting spent in this place.
 E = Time spent auto-exploring this place.
 F = Levels seen in this place.
 G = Mean time per level.
                   A        B        C        D        E       F      G
               +--------+--------+--------+--------+--------+-----+--------+
         Total |   4625 |   4407 |    218 |    578 |   2920 |   7 |  660.7 |
       Dungeon |   4623 |   4406 |    217 |    578 |   2920 |   6 |  770.5 |
        Temple |      1 |      1 |      0 |      0 |      0 |   1 |    1.0 |
               +--------+--------+--------+--------+--------+-----+--------+

Top non-repeatable levels by time:
     D:5: 1057 daAuts
     D:3: 998 daAuts
     D:4: 812 daAuts
     D:2: 793 daAuts
     D:1: 638 daAuts
     D:6: 322 daAuts
  Temple: 1 daAuts
